SNL (28 & UNDER)
SALEM SILVER SOULS @ WICHITA WRANGLERS
10/02/2025
 
TOP OF THE 1ST
Salem Silver Souls batting - Pitching for Wichita Wranglers : RHP George Lockhart
Pitching: RHP George Lockhart
Batting: RHB Jack Snyder 0-0: Ball
1-0: Fly out, F9 (Flyball, 89M)
Batting: RHB Jesús Gutiérrez 0-0: Ball
1-0: Ball
2-0: Foul Ball, location: 2F
2-1: Foul Ball, location: 2F
2-2: Strikes out looking
Batting: LHB Ezechiele Bruno 0-0: Ball
1-0: Foul Ball, location: 2F
1-1: Swinging Strike
1-2: Strikes out swinging
Top of the 1st over - 0 run(s), 0 hit(s), 0 error(s), 0 left on base; Salem 0 - Wichita 0
BOTTOM OF THE 1ST
Wichita Wranglers batting - Pitching for Salem Silver Souls : RHP Paul Miller
Pitching: RHP Paul Miller
Batting: RHB Tom Howe 0-0: Called Strike
0-1: Called Strike
0-2: Foul Ball, location: 2F
0-2: Fly out, F4 (Popup, 4D)
Batting: RHB Miguel Monteagudo 0-0: Ball
1-0: Swinging Strike
1-1: Ball
2-1: Foul Ball, location: 2F
2-2: Foul Ball, location: 2F
2-2: Foul Ball, location: 2F
2-2: SINGLE (Flyball, 9LS)
Batting: LHB Alfredo Sánchez 0-0: Ball
1-0: Ball
2-0: Ball
3-0: Base on Balls
Miguel Monteagudo to second
Batting: SHB Javier Peña 0-0: Swinging Strike
0-1: Ball
Miguel Monteagudo steals 3rd base
Alfredo Sánchez to second
1-1: Ball
2-1: Ball
3-1: Swinging Strike
3-2: Foul Ball, location: 2F
3-2: Base on Balls
Batting: RHB Dave Henderson 0-0: Ball
1-0: Foul Ball, location: 2F
1-1: Swinging Strike
1-2: Foul Ball, location: 2F
1-2: Strikes out looking
Batting: LHB Ramiro Martínez 0-0: Ball
1-0: Called Strike
1-1: SINGLE (Flyball, 8RS)
Miguel Monteagudo scores
Alfredo Sánchez to third
Javier Peña to second
Batting: RHB Carlos Flores 0-0: Ball
1-0: Foul Ball, location: 2F
1-1: Ball
2-1: Ball
3-1: Base on Balls
Alfredo Sánchez scores
Javier Peña to third
Ramiro Martínez to second
Batting: LHB José López 0-0: Ball
1-0: Ball
2-0: Called Strike
2-1: Foul Ball, location: 2F
2-2: Strikes out swinging
Bottom of the 1st over - 2 run(s), 2 hit(s), 0 error(s), 3 left on base; Salem 0 - Wichita 2
TOP OF THE 2ND
Salem Silver Souls batting - Pitching for Wichita Wranglers : RHP George Lockhart
Batting: RHB Lonson Seals 0-0: Fly out, F4 (Popup, 4)
Batting: LHB Raúl Cordero 0-0: Called Strike
0-1: Called Strike
0-2: Ball
1-2: Ball
2-2: Foul Ball, location: 2F
2-2: Foul Ball, location: 2F
2-2: Ball
3-2: Base on Balls
Batting: RHB Carlos García 0-0: Foul Ball, location: 2F
0-1: SINGLE (Line Drive, 8RS)
Raúl Cordero to second
Batting: LHB Millard Dye 0-0: Ball
1-0: Ball
2-0: Ball
3-0: Called Strike
3-1: Foul Ball, location: 2F
3-2: Foul Ball, location: 2F
3-2: Strikes out looking
Batting: LHB Nick Scott 0-0: Swinging Strike
0-1: Fly out, F5 (Popup, 5SF)
Top of the 2nd over - 0 run(s), 1 hit(s), 0 error(s), 2 left on base; Salem 0 - Wichita 2
BOTTOM OF THE 2ND
Wichita Wranglers batting - Pitching for Salem Silver Souls : RHP Paul Miller
Batting: LHB Bill Frazier 0-0: Ball
1-0: Swinging Strike
1-1: Foul Ball, location: 2F
1-2: Strikes out swinging
Batting: RHB Tom Howe 0-0: Ball
1-0: Ball
2-0: Called Strike
2-1: Ball
3-1: SINGLE (Groundball, 6MD)
Batting: RHB Miguel Monteagudo 0-0: Ball
Tom Howe steals 2nd base
1-0: Called Strike
1-1: Called Strike
1-2: Ball
2-2: Strikes out swinging
Batting: LHB Alfredo Sánchez 0-0: Ball
1-0: Ball
2-0: Foul Ball, location: 2F
2-1: Foul Ball, location: 2F
2-2: Strikes out swinging
Bottom of the 2nd over - 0 run(s), 1 hit(s), 0 error(s), 1 left on base; Salem 0 - Wichita 2
TOP OF THE 3RD
Salem Silver Souls batting - Pitching for Wichita Wranglers : RHP George Lockhart
Batting: SHB Francis Shaffer 0-0: Ball
1-0: Called Strike
1-1: Ball
2-1: Ball
3-1: Called Strike
3-2: Foul Ball, location: 2F
3-2: Foul Ball, location: 2F
3-2: Foul Ball, location: 2F
3-2: Base on Balls
Batting: RHB Jack Snyder 0-0: Grounds into double play, 6-4-3 (Groundball, 6)
Batting: RHB Jesús Gutiérrez 0-0: Ball
1-0: Called Strike
1-1: Swinging Strike
1-2: Foul Ball, location: 2F
1-2: Ball
2-2: Foul Ball, location: 2F
2-2: Strikes out swinging
Top of the 3rd over - 0 run(s), 0 hit(s), 0 error(s), 0 left on base; Salem 0 - Wichita 2
BOTTOM OF THE 3RD
Wichita Wranglers batting - Pitching for Salem Silver Souls : RHP Paul Miller
Batting: SHB Javier Peña 0-0: Ball
1-0: Foul Ball, location: 2F
1-1: Foul Ball, location: 2F
1-2: Ball
2-2: Ball
3-2: Foul Ball, location: 2F
3-2: Base on Balls
Batting: RHB Dave Henderson 0-0: Called Strike
0-1: Foul Ball, location: 2F
0-2: Ball
1-2: Ball
Javier Peña is caught stealing 2nd base
2-2: Ball
3-2: Ground out 6-3 (Groundball, 56)
Batting: LHB Ramiro Martínez 0-0: Called Strike
0-1: Foul Ball, location: 2F
0-2: Ball
1-2: Strikes out swinging
Bottom of the 3rd over - 0 run(s), 0 hit(s), 0 error(s), 0 left on base; Salem 0 - Wichita 2
TOP OF THE 4TH
Salem Silver Souls batting - Pitching for Wichita Wranglers : RHP George Lockhart
Batting: LHB Ezechiele Bruno 0-0: Called Strike
0-1: Ball
1-1: Ball
2-1: Ball
3-1: SINGLE (Groundball, 6MD)
Batting: RHB Lonson Seals 0-0: Ball
1-0: Ball
2-0: Ball
3-0: Called Strike
3-1: Base on Balls
Ezechiele Bruno to second
Batting: LHB Raúl Cordero 0-0: Foul Ball, location: 2F
0-1: Foul Ball, location: 2F
0-2: Ball
1-2: Ball
2-2: Foul Ball, location: 2F
2-2: Foul Ball, location: 2F
2-2: Strikes out swinging
Batting: RHB Carlos García 0-0: Ball
1-0: Ball
2-0: Foul Ball, location: 2F
2-1: Ball
3-1: Base on Balls
Ezechiele Bruno to third
Lonson Seals to second
Batting: LHB Millard Dye 0-0: Called Strike
0-1: Ball
1-1: Fly out, F5 (Popup, 5SF)
Batting: LHB Nick Scott 0-0: Ball
1-0: Foul Ball, location: 2F
1-1: Ball
2-1: Ball
3-1: Called Strike
3-2: Strikes out swinging
Top of the 4th over - 0 run(s), 1 hit(s), 0 error(s), 3 left on base; Salem 0 - Wichita 2
BOTTOM OF THE 4TH
Wichita Wranglers batting - Pitching for Salem Silver Souls : RHP Paul Miller
Batting: RHB Carlos Flores 0-0: Ball
1-0: Ball
2-0: Called Strike
2-1: Ball
3-1: Foul Ball, location: 2F
3-2: Foul Ball, location: 2F
3-2: Base on Balls
Batting: LHB José López 0-0: Foul Ball, location: 2F
0-1: Ball
1-1: Ball
2-1: Ball
3-1: Base on Balls
Carlos Flores to second
Batting: LHB Bill Frazier 0-0: Swinging Strike
0-1: SINGLE (Groundball, 6M)
Carlos Flores to third
José López to second
Batting: RHB Tom Howe 0-0: Fly out, F8 (Flyball, 8RM)
Runner from 3rd tags up, SCORES, throw made
Batting: RHB Miguel Monteagudo 0-0: Called Strike
0-1: Ball
1-1: Ball
2-1: Called Strike
2-2: Foul Ball, location: 2F
2-2: Foul Ball, location: 2F
2-2: Ball
3-2: Base on Balls
José López to third
Bill Frazier to second
Pitching: RHP Miguel Ortíz
Batting: LHB Alfredo Sánchez 0-0: Ball
1-0: Foul Ball, location: 2F
1-1: Ball
2-1: Ball
3-1: Foul Ball, location: 2F
3-2: Base on Balls
José López scores
Bill Frazier to third
Miguel Monteagudo to second
Batting: SHB Javier Peña 0-0: Called Strike
0-1: SINGLE (Groundball, 4M)
Bill Frazier scores
Miguel Monteagudo to third
Alfredo Sánchez to second
Runner from 3rd tries for Home, SAFE, no throw or cutoff
Batting: RHB Dave Henderson 0-0: Called Strike
0-1: Ball
1-1: Ball
2-1: Grounds into double play, 4-6-3 (Groundball, 4)
Bottom of the 4th over - 4 run(s), 2 hit(s), 0 error(s), 1 left on base; Salem 0 - Wichita 6
TOP OF THE 5TH
Salem Silver Souls batting - Pitching for Wichita Wranglers : RHP George Lockhart
Batting: SHB Francis Shaffer 0-0: Foul Ball, location: 2F
0-1: Ball
1-1: Swinging Strike
1-2: Ball
2-2: SINGLE (Groundball, 4MD)
Batting: RHB Jack Snyder 0-0: Ball
1-0: Ball
2-0: Grounds into double play, 4-6-3 (Groundball, 4)
Batting: RHB Jesús Gutiérrez 0-0: Ball
1-0: Called Strike
1-1: Swinging Strike
1-2: Ball
2-2: Foul Ball, location: 2F
2-2: Ball
3-2: Strikes out swinging
Top of the 5th over - 0 run(s), 1 hit(s), 0 error(s), 0 left on base; Salem 0 - Wichita 6
BOTTOM OF THE 5TH
Wichita Wranglers batting - Pitching for Salem Silver Souls : RHP Miguel Ortíz
Batting: LHB Ramiro Martínez 0-0: Called Strike
0-1: Called Strike
0-2: Ball
1-2: Ball
2-2: Strikes out looking
Batting: RHB Carlos Flores 0-0: Foul Ball, location: 2F
0-1: Called Strike
0-2: Ball
1-2: Strikes out swinging, 2-3 out at first.
Batting: LHB José López 0-0: Called Strike
0-1: Swinging Strike
0-2: Ball
1-2: SINGLE (Groundball, 4)
Batting: LHB Bill Frazier 0-0: Ball
1-0: SINGLE (Flyball, 7LS)
José López to second
Batting: RHB Tom Howe 0-0: Ball
1-0: Swinging Strike
1-1: Ball
2-1: Ball
3-1: Base on Balls
José López to third
Bill Frazier to second
Batting: RHB Miguel Monteagudo 0-0: Ball
1-0: Ball
2-0: Ball
3-0: Called Strike
3-1: Ground out 6-3 (Groundball, 6)
Bottom of the 5th over - 0 run(s), 2 hit(s), 0 error(s), 3 left on base; Salem 0 - Wichita 6
TOP OF THE 6TH
Salem Silver Souls batting - Pitching for Wichita Wranglers : RHP George Lockhart
Pitching: LHP Tony Rivera
Batting: LHB Ezechiele Bruno 0-0: Called Strike
0-1: Swinging Strike
0-2: Foul Ball, location: 2F
0-2: Foul Ball, location: 2F
0-2: Strikes out swinging
Batting: RHB Lonson Seals 0-0: Ball
1-0: Called Strike
1-1: Swinging Strike
1-2: Strikes out swinging
Batting: LHB Raúl Cordero 0-0: Foul Ball, location: 2F
0-1: Ball
1-1: Foul Ball, location: 2F
1-2: Ball
2-2: Ball
3-2: Strikes out swinging
Top of the 6th over - 0 run(s), 0 hit(s), 0 error(s), 0 left on base; Salem 0 - Wichita 6
BOTTOM OF THE 6TH
Wichita Wranglers batting - Pitching for Salem Silver Souls : RHP Miguel Ortíz
Batting: LHB Alfredo Sánchez 0-0: Ball
1-0: Ball
2-0: Ball
3-0: Base on Balls
Batting: SHB Javier Peña 0-0: Ball
1-0: Ball
2-0: Called Strike
2-1: Foul Ball, location: 2F
2-2: Ball
3-2: Base on Balls
Alfredo Sánchez to second
Batting: RHB Dave Henderson 0-0: Fly out, F7 (Flyball, 78D)
Batting: LHB Ramiro Martínez 0-0: Called Strike
0-1: Fielders Choice at 2nd, 6-4 (Groundball, 6M)
Alfredo Sánchez to third
Batting: RHB Carlos Flores 0-0: Ball
1-0: Ball
2-0: Foul Ball, location: 2F
2-1: SINGLE (Flyball, 8LS)
Alfredo Sánchez scores
Ramiro Martínez to second
Batting: LHB José López 0-0: SINGLE (Groundball, 5D)
Ramiro Martínez to third
Carlos Flores to second
Runner from 3rd tries for Home, SAFE, no throw or cutoff
Batting: LHB Bill Frazier 0-0: Ball
1-0: Ball
2-0: Ball
3-0: Called Strike
3-1: Foul Ball, location: 2F
3-2: Foul Ball, location: 2F
3-2: Foul Ball, location: 2F
3-2: Base on Balls
Carlos Flores to third
José López to second
Batting: RHB Tom Howe 0-0: Foul Ball, location: 2F
0-1: Ball
1-1: Foul Ball, location: 2F
1-2: Ball
2-2: Foul Ball, location: 2F
2-2: Strikes out swinging
Bottom of the 6th over - 2 run(s), 2 hit(s), 0 error(s), 3 left on base; Salem 0 - Wichita 8
TOP OF THE 7TH
Salem Silver Souls batting - Pitching for Wichita Wranglers : LHP Tony Rivera
Batting: RHB Carlos García 0-0: Ball
1-0: Ball
2-0: Called Strike
2-1: Foul Ball, location: 2F
2-2: SINGLE (Flyball, 6MD)
Batting: LHB Millard Dye 0-0: Fly out, F8 (Flyball, 8RM)
Batting: LHB Nick Scott 0-0: Called Strike
Pickoff Throw to First - Error! E1
Carlos García to second
0-1: Foul Ball, location: 2F
0-2: Ball
1-2: Strikes out swinging
Batting: SHB Francis Shaffer 0-0: Ball
1-0: Ball
2-0: Called Strike
2-1: Ball
3-1: Base on Balls
Batting: RHB Jack Snyder 0-0: Called Strike
0-1: Foul Ball, location: 2F
0-2: Foul Ball, location: 2F
0-2: Ball
1-2: Fielders Choice at 2nd, U6 (Groundball, 6M)
Top of the 7th over - 0 run(s), 1 hit(s), 1 error(s), 2 left on base; Salem 0 - Wichita 8
BOTTOM OF THE 7TH
Wichita Wranglers batting - Pitching for Salem Silver Souls : RHP Miguel Ortíz
Pitching: RHP Bob Bartell
Batting: RHB Miguel Monteagudo 0-0: Ball
1-0: Ball
2-0: Ball
3-0: Base on Balls
Batting: LHB Alfredo Sánchez 0-0: Ball
1-0: Ball
2-0: Foul Ball, location: 2F
2-1: Swinging Strike
2-2: Foul Ball, location: 2F
2-2: Ball
3-2: Ground out U3 (Groundball, 3)
Miguel Monteagudo to second
Batting: SHB Javier Peña 0-0: Swinging Strike
0-1: Ball
1-1: Ball
2-1: Called Strike
2-2: Ball
3-2: Foul Ball, location: 2F
3-2: Strikes out looking
Batting: RHB Dave Henderson 0-0: Swinging Strike
0-1: Called Strike
0-2: Ball
Wild Pitch!
Miguel Monteagudo to third
1-2: Ball
2-2: Strikes out swinging
Bottom of the 7th over - 0 run(s), 0 hit(s), 0 error(s), 1 left on base; Salem 0 - Wichita 8
TOP OF THE 8TH
Salem Silver Souls batting - Pitching for Wichita Wranglers : LHP Tony Rivera
Pitching: LHP Jesús Martínez
Batting: RHB Jesús Gutiérrez 0-0: Ball
1-0: Called Strike
1-1: SINGLE (Flyball, 7LS)
Batting: LHB Ezechiele Bruno 0-0: Called Strike
0-1: Foul Ball, location: 2F
0-2: Strikes out swinging
Batting: RHB Lonson Seals 0-0: Ball
1-0: Ball
2-0: Foul Ball, location: 2F
2-1: Foul Ball, location: 2F
2-2: Ball
3-2: Fielders Choice at 2nd, 1-6 (Groundball, 13S)
Batting: LHB Raúl Cordero 0-0: Foul Ball, location: 2F
0-1: Swinging Strike
Pickoff Throw to First - Error! E1
Lonson Seals to second
0-2: Ball
1-2: Foul Ball, location: 2F
1-2: Foul Ball, location: 2F
1-2: Ball
2-2: Strikes out swinging
Top of the 8th over - 0 run(s), 1 hit(s), 1 error(s), 1 left on base; Salem 0 - Wichita 8
BOTTOM OF THE 8TH
Wichita Wranglers batting - Pitching for Salem Silver Souls : RHP Bob Bartell
Batting: LHB Ramiro Martínez 0-0: Called Strike
0-1: Ball
1-1: SINGLE (Flyball, 7S)
Batting: RHB Carlos Flores 0-0: Sac Bunt - play at first, batter OUT! 1-3
Ramiro Martínez to second
Batting: LHB José López 0-0: Swinging Strike
0-1: Swinging Strike
0-2: Ball
1-2: Strikes out swinging
Batting: LHB Bill Frazier 0-0: Called Strike
0-1: Foul Ball, location: 2F
0-2: Ball
1-2: Strikes out swinging
Bottom of the 8th over - 0 run(s), 1 hit(s), 0 error(s), 1 left on base; Salem 0 - Wichita 8
TOP OF THE 9TH
Salem Silver Souls batting - Pitching for Wichita Wranglers : LHP Jesús Martínez
Now at 3B: Doug Delaney
Batting: RHB Carlos García 0-0: Ball
1-0: Ball
2-0: Foul Ball, location: 2F
2-1: Foul Ball, location: 2F
2-2: SINGLE (Line Drive, 4M)
Batting: LHB Millard Dye 0-0: Foul Ball, location: 2F
0-1: Called Strike
0-2: Foul Ball, location: 2F
0-2: 2-RUN HOME RUN (Flyball, 89XD), Distance : 400 ft
Batting: LHB Nick Scott 0-0: Bunt missed!
0-1: Swinging Strike
0-2: Ball
1-2: Foul Ball, location: 2F
1-2: Ball
2-2: Ball
3-2: Base on Balls
Pitching: LHP Jorge Ybarra
Batting: SHB Francis Shaffer 0-0: Called Strike
0-1: Ball
1-1: Reached on error, E5 (Groundball, 56)
Nick Scott to second
Batting: RHB Jack Snyder 0-0: Called Strike
0-1: Swinging Strike
0-2: Strikes out swinging
Batting: RHB Jesús Gutiérrez 0-0: Fielders Choice at 2nd, 5-4 (Groundball, 56)
Nick Scott to third
Batting: LHB Ezechiele Bruno 0-0: Foul Ball, location: 2F
0-1: Foul Ball, location: 2F
0-2: Ball
1-2: Ball
2-2: Ball
3-2: Strikes out looking
Top of the 9th over - 2 run(s), 2 hit(s), 1 error(s), 2 left on base; Salem 2 - Wichita 8
This league is powered by Out of the Park Baseball, the baseball management simulation game for PC, Mac and Linux
Tuesday, August 2nd, 2016 - OOTP Baseball 16.8 Build 38